 Dungeon Crawl Stone Soup version 0.29.1-1-gd02db6906a (webtiles) character file.

Game seed: 1499069418827874859

247 Zeld the Chopper (level 5, -4/70 HPs)
             Began as a Minotaur Berserker on Oct 9, 2022.
             Was a Believer of Trog.
             Slain by Menkaure (21 damage)
             ... on level 5 of the Dungeon.
             The game lasted 00:05:52 (3322 turns).

Zeld the Chopper (Minotaur Berserker)               Turns: 3322, Time: 00:05:53

Health: -4/70      AC:  5    Str: 24    XL:     5   Next: 85%
Magic:  4/4        EV:  8    Int:  4    God:    Trog [**....]
Gold:   116        SH:  9    Dex:  9    Spells: 4/4 levels left

rFire   . . .      SeeInvis .   a - +0 hand axe
rCold   . . .      Faith    .   j - +0 tower shield
rNeg    . . .      Spirit   .   b - +0 animal skin
rPois   .          Reflect  .   (helmet restricted)
rElec   .          Harm     .   n - +1 cloak
rCorr   .          Rampage  .   (no gloves)
Will    .....                   t - +0 pair of boots
Stlth   ..........              (no amulet)
HPRegen 0.21/turn               (no ring)
MPRegen 0.09/turn               (no ring)

@: berserking, very quick
A: horns 2, retaliatory headbutt
a: Renounce Religion, Berserk, Trog's Hand


You were on level 5 of the Dungeon.
You worshipped Trog.
Trog was pleased with you.
You visited 1 branch of the dungeon, and saw 4 of its levels.

You collected 116 gold pieces.

Inventory:

Hand Weapons
 a - a +0 hand axe (weapon)
Missiles
 g - 2 poisoned darts
 w - 4 boomerangs
Armour
 b - a +0 animal skin (worn)
 j - a +0 tower shield (worn)
 n - a +1 cloak (worn)
 t - a +0 pair of boots (worn)
Jewellery
 s - a +6 ring of intelligence
 u - a ring of protection from cold
Wands
 q - a wand of iceblast (7)
Scrolls
 d - a scroll of noise {unknown}
 e - a scroll of teleportation {unknown}
 f - 4 scrolls of identify {unknown}
 h - a scroll of butterflies {unknown}
 i - a scroll of amnesia {unknown}
 m - 2 scrolls of blinking {unknown}
 o - a scroll of silence {unknown}
 p - 2 scrolls of magic mapping {unknown}
Potions
 c - 3 potions of curing {unknown}
 k - a potion of degeneration {unknown}
 l - 3 potions of magic {unknown}
 r - a potion of cancellation {unknown}
 v - a potion of lignification {unknown}
 x - a potion of mutation {unknown}


   Skills:
 + Level 4.7 Fighting
 * Level 5.7 Axes
 + Level 3.9 Armour
 + Level 3.6 Dodging


You had 4 spell levels left.
You didn't know any spells.
Your spell library was empty.

Dungeon Overview and Level Annotations

Branches:
Dungeon (3/15)

Altars:
Fedhas
Gozag
Hepliaklqana
Vehumet

Annotations:
D:5 Menkaure


Innate Abilities, Weirdness & Mutations

You have a pair of horns on your head.
You reflexively headbutt those who attack you in melee.


Message History

The worm is severely wounded.
The worm barely misses you. You furiously retaliate!
You headbutt the worm!
You kill the worm!
Trog accepts your kill.
No target in view!
Key pressed, stopping explore.
No target in view!
No target in view!
Key pressed, stopping explore.
No target in view!
You open the door.
There is an open door here.
You now have 116 gold pieces (gained 12).
Found a radiant altar of Vehumet and an opulent altar of Gozag.
No target in view!
Found a blossoming altar of Fedhas and a hazy altar of Hepliaklqana.
No target in view!
No target in view!
Menkaure, Prince of Dust comes into view.
Menkaure shouts!
Menkaure is nearby!
Found 11 gold pieces.
Menkaure is nearby!
Menkaure grins.
Menkaure gestures wildly while chanting.
Menkaure seems to speed up.
You barely miss Menkaure. Menkaure hits you!
Menkaure points at you and mumbles some strange words.
Pain shoots through your body!
You closely miss Menkaure. You block Menkaure's attack.
You completely miss Menkaure. You headbutt Menkaure.
Menkaure is moderately damaged.
Menkaure hits you!
Menkaure calls on the powers of darkness!
Your body is wracked with pain!
* * * LOW HITPOINT WARNING * * *
You are too injured to fight recklessly!
A red film seems to cover your vision as you go berserk!
You feel yourself moving faster!
You feel mighty! Menkaure hits you!!
You die...

#.#.....###.###
.........#.#.......#.###
.........#.........#....
..$......#..............
.........#..####.###....
.........#..# #.........
.........#..###.........
.........#...##.........
......M@.#.#...#........
........................
.........#.####.#.......
.........#.# #.#######.
...#.......# .. ##
######### ###


You could see Menkaure (fast).

Vanquished Creatures
  A black bear (D:3)
  An orc wizard (D:5)
  6 adders
  3 worms
  A dart slug (D:1)
  9 orcs
  7 ball pythons
  3 endoplasms
  2 giant cockroaches
  2 goblins (D:1)
  4 hobgoblins
  2 quokkas
  A bat (D:1)
  5 frilled lizards
  5 kobolds
  7 rats
  A spectral hobgoblin (D:1)
60 creatures vanquished.

Notes
Turn   | Place    | Note
-------+----------+-------------------------------------------
     0 | D:1      | Zeld the Minotaur Berserker began the quest for the Orb.
     0 | D:1      | Reached XP level 1. HP: 19/19 MP: 0/0
   362 | D:1      | Reached XP level 2. HP: 25/27 MP: 1/1
   364 | D:1      | Reached skill level 4 in Axes
   446 | D:1      | Found a faded altar of an unknown god.
  1313 | D:2      | Reached XP level 3. HP: 33/33 MP: 2/2
  2275 | D:3      | Reached ** piety under Trog
  2370 | D:3      | Reached XP level 4. HP: 35/40 MP: 3/3
  2556 | D:3      | Noticed a black bear
  2565 | D:3      | Killed a black bear
  2566 | D:3      | Reached skill level 5 in Axes
  2566 | D:3      | Reached XP level 5. HP: 15/47 MP: 4/4
  2945 | D:3      | You fall into a shaft and drop 2 floors!
  2945 | D:5      | Entered Level 5 of the Dungeon
  3289 | D:5      | Found a radiant altar of Vehumet.
  3289 | D:5      | Found an opulent altar of Gozag.
  3291 | D:5      | Found a blossoming altar of Fedhas.
  3291 | D:5      | Found a hazy altar of Hepliaklqana.
  3315 | D:5      | Noticed Menkaure
  3322 | D:5      | Slain by Menkaure

Illustrated notes

Levels and vault maps discovered:
D:1:      dpeg_arrival_fog, layout_loops_ring,
          dreamdust_ecumenical_altar_drowned_temple, minmay_misc_feat_x
D:2:      layout_rooms, chequers_serial_rivers_large_b
D:3:      layout_basic, serial_shops, nicolae_shop_behind_doors,
          serial_bayou_pond_c
D:5:      layout_basic, grunt_ashenzari_visionary
          [grunt_ashenzari_visionary_shoals, grunt_ashenzari_visionary_snake],
          mainiacjoe_overflow_alcove_3, temple_fountains, serial_glass,
          glass_columns_a, glass_columns_b, uniq_menkaure

Skill      XL: |  1  2  3  4 |
---------------+-------------+-----
Axes           | 4 5 |  5.7
Fighting       | 4 |  4.7
Armour         | 3 |  3.9
Dodging        | 3 |  3.6

Action                   |  1- 3 |  4- 6 || total
-------------------------+-------+-------++-------
Melee: Hand axe          |    78 |    43 ||   121
       Headbutt          |    13 |    10 ||    23
Invok: Berserk           |     2 |     2 ||     4
Armor: Animal skin       |    24 |    14 ||    38
Dodge: Dodged            |    45 |    28 ||    73
Block: Tower shield      |    31 |    24 ||    55
